 Dungeon Crawl Stone Soup version 0.10.0-14-ga75c42d character file.

129 Lufia the Skirmisher (level 3, -10/28 HPs)
             Began as a Demonspawn Chaos Knight on Feb 24, 2012.
             Was a Plaything of Xom.
             Mangled by a hellwing (11 damage)
             ... summoned by Xom
             ... on Level 2 of the Dungeon.
             The game lasted 00:06:34 (1506 turns).

Lufia the Skirmisher (Demonspawn Chaos Knight)      Turns: 1506, Time: 00:06:34

HP -10/28        AC  7     Str 13      XL: 3   Next: 28%
MP   3/3         EV 11     Int 13      God: Xom
Gold 87          SH  0     Dex 12      Spells:  0 memorised,  2 levels left

Res.Fire  : . . .   See Invis. : .   a - +2 hand axe {=f}
Res.Cold  : . . .   Warding    : . . b - +2 leather armour
Life Prot.: . . .   Conserve   : .   (no shield)
Res.Acid. : . . .   Res.Corr.  : .   (helmet restricted)
Res.Poison: .       Clarity    : .   (no cloak)
Res.Elec. : .       Spirit.Shd : .   (no gloves)
Sust.Abil.: . .     Stasis     : .   j - +1 pair of dwarf boots
Res.Mut.  : .       Ctrl.Telep.: .   (no amulet)
Res.Rott. : .       Levitation : .   (no ring)
Saprovore : . . .   Ctrl.Flight: .   (no ring)

@: not resistant to hostile enchantments, unstealthy
A: horns 1
a: Renounce Religion


You were on level 2 of the Dungeon.
You worshipped Xom.
You were a very special plaything of Xom.
You were very hungry.

You visited 1 branch of the dungeon, and saw 2 of its levels.

You collected 67 gold pieces.

Inventory:

Hand weapons
 a - a +2,+2 hand axe (weapon) {=f}
Armour
 b - a +2 leather armour (worn)
 j - a +1 pair of dwarven boots (worn)
Magical devices
 l - a wand of teleportation (1)
Comestibles
 c - 3 bread rations
 g - 2 chokos
 m - a sausage
Scrolls
 f - 2 scrolls of detect curse
 k - a scroll of random uselessness {unknown}
 n - a scroll of curse jewellery {unknown}
 o - a scroll of enchant weapon II {unknown}
Potions
 d - a potion of curing


   Skills:
 + Level 4,0 Fighting
 + Level 3,3 Axes
 + Level 2,2 Armour
 + Level 2,0 Dodging


You had 2 spell levels left.
You didn't know any spells.

Dungeon Overview and Level Annotations

Branches:
Dungeon (2/27)

Altars:


Innate Abilities, Weirdness & Mutations

You have a pair of small horns on your head.


Message History

Zapping:
l - a short wooden wand
Press: ? - help, Shift-Dir - straight line, f - white imp
Aim: a white imp (summoned)
The white imp looks slightly unstable.
l - a wand of teleportation {zapped: 1} The hellwing hits you!
* * * LOW HITPOINT WARNING * * *
The hellwing hits you but does no damage.
The lemure hits you but does no damage. The lemure closely misses you.
The lemure hits you.
* * * LOW HITPOINT WARNING * * *
The white imp completely misses you.
Evoke which item? (* to show all) (? for menu, Esc to quit)
Zapping:
l - a wand of teleportation {zapped: 1}
Press: ? - help, Shift-Dir - straight line, f - you, p - white imp You feel strangely stable.
Xom is highly amused!
The hellwing hits you!
You die...
Xom titters!

#.# ### #.# #.# #.#
#.# #.# #.#
#########.# #.#
#.........# #.#
#5######### #.#
#######5#
#.#########...55@.#
#...........#####4#
###########.# #4#
#.# #.# ### ###


You could see a hellwing, a sixfirhy, 2 white imps, a lemure and a midge.

Vanquished Creatures
  A worm (D:2)
  A giant gecko (D:1)
  An ooze (D:1)
  A ball python (D:1)
  A giant cockroach (D:2)
  4 goblins
  8 hobgoblins
  2 bats (D:1)
  A giant newt (D:2)
  4 jackals (D:2)
  4 kobolds
  5 rats (D:1)
  A fungus (D:1)
34 creatures vanquished.

Vanquished Creatures (others)
  A toadstool (D:1)
1 creature vanquished.

Grand Total: 35 creatures vanquished

Notes
Turn   | Place    | Note
--------------------------------------------------------------
     0 | D:1      | Lufia, the Demonspawn Chaos Knight, began the quest for the Orb.
     0 | D:1      | Reached XP level 1. HP: 16/16 MP: 1/1
   265 | D:1      | Reached XP level 2. HP: 4/22 MP: 2/2
   312 | D:1      | Reached skill level 1 in Dodging
   412 | D:1      | XOM: miscast effect
   591 | D:1      | XOM: cast spell 'Blink'
   888 | D:1      | XOM: miscast effect
  1115 | D:2      | Gained mutation: You have a pair of small horns on your head.
  1115 | D:2      | Reached XP level 3. HP: 26/28 MP: 3/3
  1216 | D:2      | Reached skill level 4 in Fighting
  1501 | D:2      | XOM: summons 6 hostile demons
  1505 | D:2      | HP: 1/28 [lemure[Xom] (2)]
  1506 | D:2      | Mangled by a hellwing
